 Dungeon Crawl Stone Soup version 0.31-a0-175-g9f7f995f2b (webtiles) character file.

Game seed: 5411467121886198642

17691 qw the Skirmisher (level 12, 0/114 HPs)
             Began as a Naga Hunter on June 17, 2023.
             Was a High Priest of Okawaru.
             Slain by a gnoll sergeant
             ... wielding a +4 trident of venom
              (15 damage)
             ... on level 11 of the Dungeon.
             The game lasted 00:04:40 (9567 turns).

qw the Skirmisher (Naga Hunter)                     Turns: 9567, Time: 00:04:40

Health: 0/114      AC: 18    Str: 14    XL:     12   Next: 50%
Magic:  14/18      EV: 18    Int: 13    God:    Okawaru [*****.]
Gold:   202        SH:  0    Dex: 23    Spells: 11/11 levels left

rFire   + . .        Y - +2 orcbow (drain)
rCold   + + .        (shield currently unavailable)
rNeg    . . .        o - +2 robe {rC+ rF+}
rPois   +            f - +2 helmet
rElec   .            k - +2 cloak
rCorr   .            (no gloves)
SInv    +            (no barding)
Will    +....        (no amulet)
Stlth   +++++        p - ring "Urocuruj" {rC+ Int+4 Dex+3 SInv}
HPRegen 0.39/turn    d - +4 ring of protection
MPRegen 0.16/turn

%: no passive effects
@: heroic, finesse-ful, very slow
A: AC +4, large, see invisible, deformed body, poison resistance, slowness 2,
spit poison 1, naga tail 1, camouflage 1
a: Spit Poison, Renounce Religion, Heroism, Finesse, Duel


You were on level 11 of the Dungeon.
You worshipped Okawaru.
Okawaru was extremely pleased with you.
You visited 1 branch of the dungeon, and saw 11 of its levels.

You collected 623 gold pieces.
You spent 421 gold pieces at shops.


Innate Abilities, Weirdness & Mutations

Your serpentine skin is tough. (AC +4)
You have supernaturally acute eyesight. (SInv)
Armour fits poorly on your strangely shaped body.
Your system is resistant to poisons. (rPois)
You cover ground very slowly.
You can spit poison.
You have a snake-like lower body.
Your skin changes colour to match your surroundings (Stealth+).


   Skills:
 - Level 9.0(14.0) Fighting
 + Level 13.9(18.9) Ranged Weapons
 - Level 1.2(6.2) Armour
 - Level 6.0(11.0) Dodging
 - Level 1.5(6.5) Stealth
 + Level 9.1 Invocations


You had 11 spell levels left.
You didn't know any spells.
Your spell library was empty.

Inventory:

Hand Weapons
 Y - a +2 orcbow of draining (weapon)
Armour
 f - a +2 helmet (worn)
 k - a +2 cloak (worn)
 o - a +2 robe of resistance (worn)
Jewellery
 b - the amulet of Qotzow {Spirit *Corrode +Inv rElec Will+}
   (You found it on level 3 of the Dungeon)

   [amulet of guardian spirit]

   It causes incoming damage to be divided between your reserves of health and
   magic.
   rElec:     It insulates you from electricity.
   +Inv:      It lets you turn invisible.
   *Corrode:  It may corrode you when you take damage.
   Will:      It increases your willpower.
 d - a +4 ring of protection (right hand)
 p - the ring "Urocuruj" (left hand) {rC+ Int+4 Dex+3 SInv}
   (You found it on level 6 of the Dungeon)

   [ring of protection from cold]

   Int:       It affects your intelligence (+4).
   Dex:       It affects your dexterity (+3).
   rC:        It protects you from cold.
   SInv:      It lets you see invisible.
Scrolls
 e - a scroll of identify
 l - 2 scrolls of enchant armour
 q - 3 scrolls of teleportation
Potions
 a - a potion of haste
 g - 3 potions of mutation
 i - a potion of cancellation
 j - a potion of might
 m - 2 potions of curing

Dungeon Overview and Level Annotations

Branches:
Dungeon (11/15)            Temple (0/1) D:4            Lair (0/5) D:11
    Orc: D:9-12

Altars:
Ashenzari
Cheibriados
Elyvilon
Fedhas
Gozag
Hepliaklqana
Kikubaaqudgha
Makhleb
Nemelex Xobeh
Okawaru
Sif Muna
Uskayaw
Wu Jian
The Shining One

Shops:
D:4 :[   D:6 (   D:9 (*:(

Annotations:
D:3 2 transporters, qw's ghost, amateur NaHu
D:11 Erolcha


Message History

You shoot an arrow. The arrow barely misses the sun demon.
The arrow closely misses the gnoll sergeant.
The sun demon barely misses you. The orange demon closely misses you.
You shoot an arrow. The arrow hits the sun demon!!
The sun demon is severely wounded.
You shoot an arrow. The arrow hits the sun demon!
You kill the sun demon!
Okawaru accepts your kill.
Your Invocations skill increases to level 9!
You shoot an arrow. The arrow hits the orange demon.
The orange demon is almost dead.
Erolcha mumbles some strange words.
Erolcha flickers and vanishes for a moment.
The gnoll sergeant barely misses you. The orange demon closely misses you.
You hear a shout! x2
You shoot an arrow. The arrow hits the orange demon!
You kill the orange demon!
Okawaru accepts your kill.
You shoot an arrow. The arrow hits the gnoll sergeant!
The gnoll sergeant is almost dead.
You shoot an arrow.
The arrow barely misses the gnoll sergeant.
The arrow hits the orc!!
You kill the orc!
Okawaru accepts your kill.
Erolcha zaps a wand.
You resist with almost no effort. The gnoll sergeant closely misses you.
You shoot an arrow. The arrow hits the two-headed ogre.
The two-headed ogre is lightly wounded.
You shoot an arrow. The arrow hits the two-headed ogre!
You drain the two-headed ogre!
The two-headed ogre is severely wounded.
You shoot an arrow. The arrow hits the two-headed ogre!
You drain the two-headed ogre.
The two-headed ogre is almost dead.
The two-headed ogre hits you with a +0 giant club!!
The two-headed ogre misses you.
The kobold demonologist gestures wildly while chanting.
The gnoll sergeant hits you from afar with a +4 trident of venom!
You die...

#...# #...#
######oo.######
#.....O.......#g
..3.4..$.....g.
$...KK.g....?#
#.OK# ###54o## #.
#@Og)3.# ##.#
#.#....# ...PP##
#.#....#
..P....###.#..#.#
##............##.#
..^7.7....#...##.#
#...............#
#.........#.......
#.........#..####.#


You could see a soul eater (summoned), a two-headed ogre (drained), Erolcha
(invisible), a kobold demonologist, a red devil, a gnoll sergeant, an orc
wizard, a gnoll and a white imp.

Vanquished Creatures
  A boulder beetle (D:9)
  Erica (D:9)
  2 two-headed ogres
  A sun demon (D:11)
  A skeletal warrior (D:9)
  A necromancer (D:9)
  2 manticores
  Maurice (D:10)
  A rust devil (D:11)
  A gargoyle (D:11)
  2 orange demons (D:11)
  3 unseen horror zombies (D:9)
  An ice devil (D:11)
  An unseen horror skeleton (D:9)
  A troll (D:11)
  A hornet (D:8)
  Prince Ribbit (D:8)
  4 flying skulls (D:9)
  3 wraiths (D:9)
  Sigmund (D:6)
  6 shadows
  12 yaks
  2 steam dragons
  A vampire mosquito (D:8)
  An acid dragon (D:9)
  4 water moccasins
  Duvessa (D:6)
  An ice beast (D:7)
  3 black bears
  3 orc warriors
  4 centaurs
  4 ogres
  A kobold brigand (D:6)
  4 bullfrogs
  A wyvern zombie (D:9)
  6 scorpions
  6 wights
  Dowan (D:6)
  15 killer bees
  8 howler monkeys
  A jelly (D:6)
  4 hounds
  A quasit (D:11)
  A gnoll bouda (D:7)
  10 orc priests
  6 centaur skeletons (D:9)
  Ijyb (D:5)
  3 iguanas
  9 orc wizards
  2 howler monkey zombies (D:9)
  15 gnolls
  4 adders
  A howler monkey skeleton (D:9)
  3 dart slugs
  24 orcs
  7 ball pythons
  7 endoplasms
  A giant cockroach (D:2)
  8 goblins
  6 hobgoblins
  4 quokkas
  2 training dummies (D:6)
  5 bats
  4 frilled lizards
  15 kobolds
  10 rats
268 creatures vanquished.

Vanquished Creatures (others)
  A scorpion (D:6)
  An orc wizard (D:8)
2 creatures vanquished.

Grand Total: 270 creatures vanquished

Notes
Turn   | Place    | Note
-------+----------+-------------------------------------------
     0 | D:1      | qw the Naga Hunter began the quest for the Orb.
     0 | D:1      | Reached XP level 1. HP: 19/19 MP: 1/1
     0 | D:1      | 0 ||| qw: Version: 0.3-a-2-g5ab2908
     0 | D:1      | 0 ||| qw: Game counter: 206
     0 | D:1      | 0 ||| qw: Always use a shield: true
     0 | D:1      | 0 ||| qw: God list: Okawaru
     0 | D:1      | 0 ||| qw: Allow faded altars: false
     0 | D:1      | 0 ||| qw: Do Orc after D:15 true
     0 | D:1      | 0 ||| qw: Do second Lair branch before Depths: true
     0 | D:1      | 0 ||| qw: Lair rune preference: random
     0 | D:1      | 0 ||| qw: Plans: Normal
     0 | D:1      | 0 ||| PLANNING D:1-11
    48 | D:1      | 48 ||| INVOKING Spit Poison.
   178 | D:1      | 178 ||| INVOKING Spit Poison.
   206 | D:1      | Reached skill level 4 in Ranged Weapons
   206 | D:1      | Reached XP level 2. HP: 26/26 MP: 2/2
   218 | D:1      | 218 ||| INVOKING Spit Poison.
   259 | D:1      | 259 ||| INVOKING Spit Poison.
   313 | D:1      | 313 ||| INVOKING Spit Poison.
   319 | D:1      | 319 ||| INVOKING Spit Poison.
   325 | D:1      | 325 ||| INVOKING Spit Poison.
   383 | D:1      | 383 ||| INVOKING Spit Poison.
   397 | D:1      | 397 ||| INVOKING Spit Poison.
   408 | D:1      | 408 ||| INVOKING Spit Poison.
   530 | D:1      | 530 ||| INVOKING Spit Poison.
   701 | D:1      | 701 ||| UPGRADING to +0 helmet.
   706 | D:1      | 706 ||| READING scroll labelled WEYXTO LOEROL.
   707 | D:1      | 707 ||| DRINKING 2 green potions.
   708 | D:1      | 708 ||| DROPPING scroll of butterflies.
   723 | D:2      | 723 ||| INVOKING Spit Poison.
   725 | D:2      | Reached XP level 3. HP: 32/32 MP: 3/3
   791 | D:2      | 791 ||| INVOKING Spit Poison.
   796 | D:2      | 796 ||| INVOKING Spit Poison.
   850 | D:2      | 850 ||| INVOKING Spit Poison.
   854 | D:2      | 854 ||| INVOKING Spit Poison.
   952 | D:2      | 952 ||| INVOKING Spit Poison.
   953 | D:2      | 953 ||| INVOKING Spit Poison.
   962 | D:2      | 962 ||| INVOKING Spit Poison.
  1002 | D:2      | 1002 ||| INVOKING Spit Poison.
  1020 | D:2      | 1020 ||| INVOKING Spit Poison.
  1116 | D:2      | 1116 ||| INVOKING Spit Poison.
  1180 | D:2      | 1180 ||| UPGRADING to ring of positive energy.
  1181 | D:2      | 1181 ||| READING scroll labelled LOFOWE UFENGYO.
  1182 | D:2      | 1182 ||| READING 2 scrolls labelled ANOH ACIQU.
  1183 | D:2      | 1183 ||| READING scroll labelled WUSITZ ACZAR.
  1194 | D:3      | 1194 ||| INVOKING Spit Poison.
  1265 | D:3      | Identified the amulet of Qotzow {Spirit *Corrode +Inv rElec
                  | Will+}
  1281 | D:3      | 1281 ||| INVOKING Spit Poison.
  1283 | D:3      | Reached skill level 5 in Ranged Weapons
  1283 | D:3      | Reached XP level 4. HP: 39/39 MP: 4/4
  1324 | D:3      | 1324 ||| INVOKING Spit Poison.
  1330 | D:3      | 1330 ||| INVOKING Spit Poison.
  1336 | D:3      | You fall into a shaft and drop 1 floor!
  1354 | D:4      | 1354 ||| INVOKING Spit Poison.
  1361 | D:4      | 1361 ||| INVOKING Spit Poison.
  1395 | D:4      | 1395 ||| UPGRADING to amulet of Qotzow {Spirit *Corrode
                  | +Inv rElec Will+}.
  1400 | D:4      | 1400 ||| INVOKING Spit Poison.
  1413 | D:3      | 1413 ||| INVOKING Spit Poison.
  1534 | D:3      | 1534 ||| INVOKING Spit Poison.
  1605 | D:3      | 1605 ||| INVOKING Spit Poison.
  1779 | D:3      | Found a transporter.
  1780 | D:3      | Noticed qw's ghost (amateur NaHu)
  1780 | D:3      | Identified the +8 dire flail of Hasmoc {elec, Str+3}
  1780 | D:3      | Noticed an ogre
  1781 | D:3      | Noticed an ogre
  1784 | D:3      | Noticed an ogre
  1785 | D:3      | Found a transporter.
  1793 | D:3      | 1793 ||| DRINKING 2 emerald potions.
  1793 | D:3      | Gained mutation: Your skin changes colour to match your
                  | surroundings (Stealth+). [potion of mutation]
  1795 | D:3      | 1795 ||| INVOKING Spit Poison.
  1860 | D:3      | Found a sparkling altar of Nemelex Xobeh.
  1865 | D:3      | 1865 ||| INVOKING Spit Poison.
  1866 | D:3      | 1866 ||| INVOKING Spit Poison.
  2028 | D:4      | 2028 ||| INVOKING Spit Poison.
  2032 | D:4      | 2032 ||| INVOKING Spit Poison.
  2034 | D:4      | Found an iron altar of Okawaru.
  2035 | D:4      | 2035 ||| PLANNING OKAWARU WORSHIP
  2037 | D:4      | 2037 ||| INVOKING Spit Poison.
  2043 | D:4      | 2043 ||| INVOKING Spit Poison.
  2044 | D:4      | Reached skill level 3 in Fighting
  2049 | D:4      | 2049 ||| INVOKING Spit Poison.
  2049 | D:4      | Noticed a scorpion
  2051 | D:4      | Reached XP level 5. HP: 35/49 MP: 3/5
  2055 | D:4      | 2055 ||| INVOKING Spit Poison.
  2060 | D:4      | 2060 ||| INVOKING Spit Poison.
  2061 | D:4      | HP: 11/49 [scorpion (6)]
  2062 | D:4      | 2062 ||| DRINKING potion of heal wounds.
  2064 | D:4      | 2064 ||| INVOKING Spit Poison.
  2073 | D:4      | HP: 12/49 [poisoned by a scorpion]
  2212 | D:4      | Became a worshipper of Warmaster Okawaru
  2213 | D:4      | 2213 ||| PLANNING D:1-11
  2213 | D:4      | 2213 ||| REMOVING amulet of Qotzow {Spirit *Corrode +Inv
                  | rElec Will+}.
  2228 | D:4      | Found a hide-covered altar of Uskayaw.
  2230 | D:4      | Found Dukodd's Vocational Training.
  2234 | D:4      | 2234 ||| INVOKING Spit Poison.
  2237 | D:4      | Reached skill level 6 in Ranged Weapons
  2237 | D:4      | Reached XP level 6. HP: 56/56 MP: 6/6
  2318 | D:4      | Found a white marble altar of Elyvilon.
  2332 | D:4      | 2332 ||| INVOKING Spit Poison.
  2338 | D:4      | Found a staircase to the Ecumenical Temple.
  2338 | D:4      | Noticed a black bear
  2339 | D:4      | 2339 ||| INVOKING Spit Poison.
  2343 | D:4      | 2343 ||| INVOKING Spit Poison.
  2344 | D:4      | Killed a black bear
  2514 | D:4      | 2514 ||| INVOKING Spit Poison.
  2527 | D:4      | 2527 ||| INVOKING Spit Poison.
  2535 | D:4      | 2535 ||| INVOKING Spit Poison.
  2543 | D:4      | Found Geuwoeg's Armour Shop.
  2546 | D:4      | 2546 ||| INVOKING Spit Poison.
  2555 | D:4      | 2555 ||| BUYING +0 cloak (63 gold).
  2555 | D:4      | Bought a +0 cloak for 63 gold pieces
  2555 | D:4      | 2555 ||| SHOPLISTING +1 barding (420 gold, have 138).
  2566 | D:4      | 2566 ||| INVOKING Spit Poison.
  2569 | D:4      | 2569 ||| INVOKING Spit Poison.
  2572 | D:4      | Reached XP level 7. HP: 64/64 MP: 7/7
  2622 | D:4      | 2622 ||| INVOKING Spit Poison.
  2628 | D:4      | Reached * piety under Okawaru
  2678 | D:4      | 2678 ||| UPGRADING to +0 cloak.
  2683 | D:4      | 2683 ||| UPGRADING to +4 ring of protection.
  2684 | D:4      | 2684 ||| READING 2 scrolls labelled JYARHO LU VUTY.
  2685 | D:4      | 2685 ||| DROPPING scroll of revelation.
  2700 | D:5      | Entered Level 5 of the Dungeon
  2703 | D:5      | 2703 ||| INVOKING Spit Poison.
  2704 | D:5      | Reached skill level 1 in Invocations
  2832 | D:5      | Reached skill level 7 in Ranged Weapons
  2894 | D:5      | 2894 ||| READING 3 scrolls of enchant armour.
  2894 | D:5      | 2894 ||| ENCHANTING +0 helmet.
  2895 | D:5      | 2895 ||| READING 2 scrolls of enchant armour.
  2895 | D:5      | 2895 ||| ENCHANTING +1 helmet.
  2896 | D:5      | 2896 ||| READING scroll of enchant armour.
  2896 | D:5      | 2896 ||| ENCHANTING +0 cloak.
  2906 | D:5      | 2906 ||| INVOKING Spit Poison.
  2916 | D:5      | Noticed Ijyb
  2917 | D:5      | 2917 ||| INVOKING Heroism.
  2918 | D:5      | 2918 ||| INVOKING Spit Poison.
  2923 | D:5      | 2923 ||| INVOKING Spit Poison.
  2923 | D:5      | Killed Ijyb
  2963 | D:5      | 2963 ||| INVOKING Spit Poison.
  2966 | D:5      | 2966 ||| INVOKING Spit Poison.
  2969 | D:5      | Reached skill level 1 in Armour
  2969 | D:5      | Reached skill level 3 in Invocations
  3001 | D:5      | 3001 ||| INVOKING Heroism.
  3004 | D:5      | 3004 ||| INVOKING Spit Poison.
  3009 | D:5      | Reached XP level 8. HP: 72/72 MP: 7/10
  3011 | D:5      | 3011 ||| INVOKING Spit Poison.
  3022 | D:5      | 3022 ||| INVOKING Spit Poison.
  3031 | D:5      | 3031 ||| INVOKING Spit Poison.
  3039 | D:5      | 3039 ||| INVOKING Spit Poison.
  3046 | D:5      | 3046 ||| INVOKING Spit Poison.
  3062 | D:5      | 3062 ||| INVOKING Spit Poison.
  3066 | D:5      | 3066 ||| INVOKING Spit Poison.
  3071 | D:5      | 3071 ||| INVOKING Spit Poison.
  3102 | D:5      | 3102 ||| READING scroll of enchant armour.
  3102 | D:5      | 3102 ||| ENCHANTING +1 cloak.
  3204 | D:5      | Found an opulent altar of Gozag.
  3204 | D:5      | Found an ornate altar of the Wu Jian Council.
  3204 | D:5      | Found a burning altar of Makhleb.
  3204 | D:5      | Found a snail-covered altar of Cheibriados.
  3610 | D:5      | Found a glowing golden altar of the Shining One.
  3620 | D:5      | 3620 ||| READING 2 scrolls labelled QOLIMA XAG HIAWO.
  3623 | D:5      | 3623 ||| READING 2 scrolls labelled YMAMIL XOHIXT.
  3624 | D:5      | 3624 ||| DROPPING scroll of fog.
  3658 | D:6      | 3658 ||| INVOKING Heroism.
  3662 | D:6      | 3662 ||| INVOKING Spit Poison.
  3666 | D:6      | 3666 ||| INVOKING Spit Poison.
  3673 | D:6      | 3673 ||| INVOKING Spit Poison.
  3674 | D:6      | Reached skill level 8 in Ranged Weapons
  3678 | D:6      | 3678 ||| INVOKING Spit Poison.
  3679 | D:6      | 3679 ||| STAIRDANCE
  3681 | D:5      | 3681 ||| INVOKING Heroism.
  3682 | D:5      | 3682 ||| INVOKING Spit Poison.
  3768 | D:6      | 3768 ||| INVOKING Heroism.
  3769 | D:6      | 3769 ||| INVOKING Spit Poison.
  3776 | D:6      | 3776 ||| INVOKING Spit Poison.
  3844 | D:6      | 3844 ||| SWAPPING to +0 orcbow of flaming.
  3845 | D:6      | 3845 ||| DROPPING +0 shortbow of draining.
  3846 | D:6      | 3846 ||| READING scroll of brand weapon.
  3846 | D:6      | 3846 ||| BRANDING +0 orcbow of flaming.
  3858 | D:6      | Found Gouc's Antique Weapon Shop.
  3946 | D:6      | 3946 ||| INVOKING Heroism.
  3967 | D:6      | 3967 ||| INVOKING Spit Poison.
  3970 | D:6      | 3970 ||| INVOKING Spit Poison.
  3974 | D:6      | 3974 ||| INVOKING Heroism.
  3984 | D:6      | Reached XP level 9. HP: 25/81 MP: 10/12
  3984 | D:6      | HP: 14/81 [wight/+2 great sword (12)]
  3985 | D:6      | 3985 ||| READING scroll of teleportation.
  3986 | D:6      | 3986 ||| DRINKING potion of heal wounds.
  3989 | D:6      | 3989 ||| INVOKING Heroism.
  4201 | D:6      | Identified the ring "Urocuruj" {rC+ Int+4 Dex+3 SInv}
  4220 | D:6      | Reached skill level 9 in Ranged Weapons
  4221 | D:6      | Noticed Sigmund
  4222 | D:6      | 4222 ||| INVOKING Heroism.
  4226 | D:6      | Reached skill level 3 in Dodging
  4226 | D:6      | 4226 ||| INVOKING Spit Poison.
  4230 | D:6      | 4230 ||| INVOKING Spit Poison.
  4230 | D:6      | Killed Sigmund
  4260 | D:6      | Reached skill level 6 in Fighting
  4343 | D:6      | Noticed Dowan
  4344 | D:6      | 4344 ||| INVOKING Heroism.
  4345 | D:6      | 4345 ||| INVOKING Spit Poison.
  4346 | D:6      | Noticed Duvessa
  4348 | D:6      | Killed Dowan
  4351 | D:6      | 4351 ||| INVOKING Spit Poison.
  4357 | D:6      | 4357 ||| INVOKING Spit Poison.
  4358 | D:6      | Killed Duvessa
  4360 | D:6      | 4360 ||| INVOKING Heroism.
  4564 | D:6      | 4564 ||| INVOKING Heroism.
  4565 | D:6      | 4565 ||| INVOKING Spit Poison.
  4571 | D:6      | 4571 ||| INVOKING Spit Poison.
  4659 | D:6      | 4659 ||| INVOKING Heroism.
  4660 | D:6      | 4660 ||| INVOKING Spit Poison.
  4841 | D:6      | Found an ancient bone altar of Kikubaaqudgha.
  4849 | D:6      | 4849 ||| INVOKING Heroism.
  4851 | D:6      | 4851 ||| INVOKING Spit Poison.
  4887 | D:6      | 4887 ||| UPGRADING to ring of resist corrosion.
  4889 | D:6      | 4889 ||| UPGRADING to ring "Urocuruj" {rC+ Int+4 Dex+3
                  | SInv}.
  4891 | D:6      | 4891 ||| DROPPING ring of positive energy.
  4892 | D:6      | 4892 ||| DROPPING ring of resist corrosion.
  4893 | D:6      | 4893 ||| READING scroll labelled KIRETU PATU.
  4894 | D:6      | 4894 ||| READING scroll labelled TOWKOL DOTWADD.
  4895 | D:6      | 4895 ||| DRINKING 2 inky potions.
  4896 | D:6      | 4896 ||| DRINKING 2 blue potions.
  4897 | D:6      | 4897 ||| DROPPING potion of degeneration.
  4947 | D:7      | 4947 ||| INVOKING Spit Poison.
  4952 | D:7      | 4952 ||| INVOKING Spit Poison.
  5002 | D:7      | 5002 ||| INVOKING Spit Poison.
  5013 | D:7      | Reached skill level 10 in Ranged Weapons
  5126 | D:7      | 5126 ||| INVOKING Spit Poison.
  5201 | D:7      | 5201 ||| INVOKING Spit Poison.
  5216 | D:7      | 5216 ||| INVOKING Spit Poison.
  5222 | D:7      | 5222 ||| INVOKING Spit Poison.
  5349 | D:7      | 5349 ||| INVOKING Spit Poison.
  5385 | D:7      | 5385 ||| INVOKING Spit Poison.
  5470 | D:7      | 5470 ||| INVOKING Heroism.
  5472 | D:7      | 5472 ||| INVOKING Spit Poison.
  5592 | D:7      | 5592 ||| INVOKING Heroism.
  5593 | D:7      | 5593 ||| Stepping ~*~*~tactically~*~*~ (outnumbered).
  5608 | D:7      | 5608 ||| Stepping ~*~*~tactically~*~*~ (outnumbered).
  5610 | D:7      | 5610 ||| Stepping ~*~*~tactically~*~*~ (outnumbered).
  5612 | D:7      | 5612 ||| INVOKING Spit Poison.
  5616 | D:7      | 5616 ||| Stepping ~*~*~tactically~*~*~ (outnumbered).
  5617 | D:7      | 5617 ||| INVOKING Heroism.
  5619 | D:7      | 5619 ||| INVOKING Spit Poison.
  6031 | D:7      | 6031 ||| READING scroll labelled HUOXUONONE.
  6083 | D:8      | 6083 ||| INVOKING Heroism.
  6088 | D:8      | 6088 ||| INVOKING Spit Poison.
  6092 | D:8      | 6092 ||| INVOKING Spit Poison.
  6098 | D:8      | Reached XP level 10. HP: 89/94 MP: 11/13
  6178 | D:8      | Found a hazy altar of Hepliaklqana.
  6193 | D:8      | 6193 ||| READING 2 scrolls of identify.
  6193 | D:8      | 6193 ||| IDENTIFYING fuming blue potion
  6194 | D:8      | 6194 ||| DROPPING potion of berserk rage.
  6212 | D:8      | 6212 ||| INVOKING Spit Poison.
  6217 | D:8      | 6217 ||| INVOKING Spit Poison.
  6222 | D:8      | 6222 ||| INVOKING Spit Poison.
  6229 | D:8      | 6229 ||| INVOKING Spit Poison.
  6283 | D:8      | 6283 ||| INVOKING Spit Poison.
  6321 | D:8      | 6321 ||| INVOKING Spit Poison.
  6352 | D:8      | 6352 ||| INVOKING Spit Poison.
  6359 | D:8      | 6359 ||| INVOKING Spit Poison.
  6366 | D:8      | 6366 ||| INVOKING Spit Poison.
  6372 | D:8      | 6372 ||| INVOKING Spit Poison.
  6376 | D:8      | 6376 ||| INVOKING Spit Poison.
  6420 | D:8      | 6420 ||| READING scroll of brand weapon.
  6420 | D:8      | 6420 ||| BRANDING +1 orcbow of freezing.
  6454 | D:8      | Found a broken altar of Ashenzari.
  6466 | D:8      | Noticed Prince Ribbit
  6471 | D:8      | 6471 ||| INVOKING Spit Poison.
  6478 | D:8      | 6478 ||| INVOKING Spit Poison.
  6481 | D:8      | Reached skill level 11 in Ranged Weapons
  6485 | D:8      | 6485 ||| INVOKING Spit Poison.
  6488 | D:8      | 6488 ||| INVOKING Spit Poison.
  6488 | D:8      | Killed Prince Ribbit
  6488 | D:8      | Reached ** piety under Okawaru
  6596 | D:8      | 6596 ||| READING 3 scrolls of identify.
  6596 | D:8      | 6596 ||| IDENTIFYING smoky green potion
  6650 | D:8      | 6650 ||| INVOKING Spit Poison.
  6658 | D:8      | 6658 ||| INVOKING Spit Poison.
  6815 | D:8      | 6815 ||| INVOKING Spit Poison.
  6850 | D:8      | 6850 ||| INVOKING Spit Poison.
  6856 | D:8      | 6856 ||| INVOKING Spit Poison.
  6861 | D:8      | 6861 ||| INVOKING Spit Poison.
  6865 | D:8      | 6865 ||| INVOKING Spit Poison.
  6871 | D:8      | 6871 ||| INVOKING Spit Poison.
  6876 | D:8      | 6876 ||| INVOKING Spit Poison.
  6876 | D:8      | Reached *** piety under Okawaru
  6932 | D:8      | Found a blossoming altar of Fedhas.
  7003 | D:8      | Found a shimmering blue altar of Sif Muna.
  7005 | D:8      | 7005 ||| READING 3 scrolls of identify.
  7005 | D:8      | 7005 ||| IDENTIFYING clear potion
  7006 | D:8      | 7006 ||| READING 2 scrolls of identify.
  7006 | D:8      | 7006 ||| IDENTIFYING yellow potion
  7007 | D:8      | 7007 ||| DROPPING potion of invisibility.
  7008 | D:8      | 7008 ||| DROPPING potion of attraction.
  7011 | D:8      | 7011 ||| INVOKING Spit Poison.
  7019 | D:8      | 7019 ||| INVOKING Spit Poison.
  7050 | D:8      | 7050 ||| UPGRADING to +0 robe of willpower.
  7080 | D:9      | 7080 ||| INVOKING Spit Poison.
  7087 | D:9      | 7087 ||| INVOKING Spit Poison.
  7092 | D:9      | 7092 ||| INVOKING Spit Poison.
  7096 | D:9      | 7096 ||| INVOKING Spit Poison.
  7098 | D:9      | 7098 ||| INVOKING Heroism.
  7105 | D:9      | 7105 ||| INVOKING Spit Poison.
  7111 | D:9      | 7111 ||| INVOKING Spit Poison.
  7113 | D:9      | Reached XP level 11. HP: 59/103 MP: 12/14
  7117 | D:9      | 7117 ||| INVOKING Spit Poison.
  7120 | D:9      | 7120 ||| INVOKING Heroism.
  7124 | D:9      | 7124 ||| INVOKING Spit Poison.
  7128 | D:9      | Reached skill level 12 in Ranged Weapons
  7132 | D:9      | 7132 ||| INVOKING Spit Poison.
  7139 | D:9      | 7139 ||| INVOKING Spit Poison.
  7175 | D:9      | 7175 ||| FLEEEEING.
  7176 | D:9      | 7176 ||| STAIRDANCE
  7249 | D:9      | 7249 ||| INVOKING Spit Poison.
  7279 | D:9      | 7279 ||| INVOKING Spit Poison.
  7285 | D:9      | Found Osab's Assorted Antiques.
  7293 | D:9      | 7293 ||| BUYING 2 potions of mutation (320 gold).
  7293 | D:9      | Bought 2 potions of mutation for 320 gold pieces
  7293 | D:9      | 7293 ||| BUYING metallic brown potion (18 gold).
  7293 | D:9      | Bought a metallic brown potion for 18 gold pieces
  7293 | D:9      | 7293 ||| BUYING scroll labelled PAMEPR XEQAMO (20 gold).
  7293 | D:9      | Bought a scroll labelled PAMEPR XEQAMO for 20 gold pieces
  7293 | D:9      | 7293 ||| SHOPLISTING scroll of identify (40 gold, have 37).
  7293 | D:9      | 7293 ||| SHOPLISTING smoking ring mail (180 gold, have 37).
  7309 | D:9      | Noticed a necromancer
  7310 | D:9      | 7310 ||| Stepping ~*~*~tactically~*~*~ (outnumbered).
  7320 | D:9      | 7320 ||| INVOKING Heroism.
  7326 | D:9      | 7326 ||| INVOKING Spit Poison.
  7333 | D:9      | 7333 ||| INVOKING Spit Poison.
  7333 | D:9      | HP: 24/99 [flying skull (3)]
  7334 | D:9      | 7334 ||| READING 2 scrolls of teleportation.
  7338 | D:9      | 7338 ||| READING scroll of teleportation.
  7338 | D:9      | HP: 16/99 [centaur skeleton (1)]
  7380 | D:9      | Noticed Erica
  7381 | D:9      | 7381 ||| INVOKING Heroism.
  7384 | D:9      | 7384 ||| INVOKING Spit Poison.
  7388 | D:9      | 7388 ||| INVOKING Spit Poison.
  7394 | D:9      | Killed Erica
  7463 | D:9      | Noticed a two-headed ogre
  7464 | D:9      | 7464 ||| INVOKING Heroism.
  7497 | D:9      | 7497 ||| INVOKING Heroism.
  7620 | D:9      | 7620 ||| INVOKING Heroism.
  7621 | D:9      | 7621 ||| INVOKING Spit Poison.
  7625 | D:9      | 7625 ||| INVOKING Spit Poison.
  7625 | D:9      | Killed a two-headed ogre
  7625 | D:9      | Reached **** piety under Okawaru
  7626 | D:9      | Reached skill level 13 in Ranged Weapons
  7665 | D:9      | Found Tisuep's Book Shop.
  7746 | D:9      | Noticed a boulder beetle
  7747 | D:9      | 7747 ||| INVOKING Heroism.
  7748 | D:9      | 7748 ||| INVOKING Spit Poison.
  7758 | D:9      | 7758 ||| INVOKING Spit Poison.
  7759 | D:9      | Killed a boulder beetle
  7802 | D:9      | 7802 ||| INVOKING Heroism.
  7823 | D:9      | 7823 ||| INVOKING Heroism.
  7841 | D:9      | Reached skill level 9 in Fighting
  7970 | D:9      | Noticed a skeletal warrior
  7971 | D:9      | 7971 ||| INVOKING Heroism.
  7982 | D:9      | Killed a skeletal warrior
  7983 | D:9      | Reached skill level 6 in Invocations
  8091 | D:9      | Reached ***** piety under Okawaru
  8093 | D:9      | 8093 ||| INVOKING Spit Poison.
  8097 | D:9      | Killed a necromancer
  8200 | D:9      | 8200 ||| INVOKING Heroism.
  8204 | D:9      | 8204 ||| INVOKING Spit Poison.
  8287 | D:9      | Found Resonuot's Antique Weapon Emporium.
  8296 | D:9      | 8296 ||| SHOPLISTING glowing shortbow (150 gold, have 87).
  8383 | D:9      | Found Wakhluf's Weapon Shop.
  8478 | D:9      | Reached XP level 12. HP: 114/114 MP: 17/17
  8493 | D:9      | 8493 ||| Stepping ~*~*~tactically~*~*~ (outnumbered).
  8495 | D:9      | 8495 ||| Stepping ~*~*~tactically~*~*~ (outnumbered).
  8633 | D:9      | 8633 ||| DROPPING +0 leather armour.
  8634 | D:9      | 8634 ||| UPGRADING to +2 robe of resistance.
  8644 | D:9      | 8644 ||| DROPPING +0 robe of willpower.
  8645 | D:9      | 8645 ||| READING scroll labelled PAMEPR XEQAMO.
  8646 | D:9      | 8646 ||| READING scroll labelled TACUET DAOTZ.
  8647 | D:9      | 8647 ||| READING scroll labelled YBOFOPINLU.
  8648 | D:9      | 8648 ||| READING 2 scrolls of identify.
  8648 | D:9      | 8648 ||| IDENTIFYING metallic brown potion
  8678 | D:10     | Entered Level 10 of the Dungeon
  8684 | D:10     | Reached skill level 6 in Dodging
  8695 | D:10     | 8695 ||| INVOKING Heroism.
  8720 | D:10     | 8720 ||| READING scroll of enchant weapon.
  8720 | D:10     | 8720 ||| ENCHANTING +1 orcbow of draining.
  8770 | D:10     | 8770 ||| INVOKING Heroism.
  8818 | D:10     | Noticed a two-headed ogre
  8824 | D:10     | Killed a two-headed ogre
  9095 | D:10     | 9095 ||| READING scroll labelled SONUDENYHOKK.
  9258 | D:10     | Noticed Maurice
  9269 | D:10     | Killed Maurice
  9281 | D:11     | Found a staircase to the Lair.
  9295 | D:11     | 9295 ||| INVOKING Heroism.
  9410 | D:11     | 9410 ||| FLEEEEING.
  9415 | D:11     | 9415 ||| STAIRDANCE
  9511 | D:11     | 9511 ||| Stepping ~*~*~tactically~*~*~ (outnumbered).
  9522 | D:11     | 9522 ||| INVOKING Heroism.
  9530 | D:11     | 9530 ||| INVOKING Finesse.
  9530 | D:11     | Noticed a two-headed ogre
  9530 | D:11     | Noticed a sun demon
  9534 | D:11     | 9534 ||| Stepping ~*~*~tactically~*~*~ (outnumbered).
  9535 | D:11     | 9535 ||| Stepping ~*~*~tactically~*~*~ (outnumbered).
  9536 | D:11     | 9536 ||| Stepping ~*~*~tactically~*~*~ (outnumbered).
  9541 | D:11     | Noticed Erolcha
  9560 | D:11     | Killed a sun demon
  9561 | D:11     | Reached skill level 9 in Invocations
  9567 | D:11     | HP: 15/114 [two-headed ogre/+0 giant club (19)]
  9567 | D:11     | Slain by a gnoll sergeant

Levels and vault maps discovered:
D:1:      minmay_arrival_open_corners, layout_loops_ring, minmay_cut_off
D:2:      layout_rooms, kennysheep_generic_room_2
D:3:      layout_basic, nemelex_dance_club_becter, gammafunk_ghost_smash,
          chequers_garden
D:4:      layout_rooms, mainiacjoe_overflow_boulevard, okawaru_gym_becter,
          mainiacjoe_overflow_catwalk, minmay_temple_entry_drinking_statues,
          nicolae_wooded_promenade, nicolae_shop_vocational
D:5:      layout_basic, nicolae_tso_swordbearing_angel, minitemple,
          minmay_manual_mail, uniq_ijyb
D:6:      dreamdust_elfheim, layout_rooms, kiku_gazebo_garden_becter,
          serial_shops, shop, minmay_door_square, st_stairs_2, uniq_duvessa,
          uniq_sigmund
D:7:      layout_layer_cave
D:8:      layout_loops_ring, old_standard_altar, kennysheep_orc_sif_temple,
          fedhas_altar_fruit_tree, amcnicky_altar_gilded, minmay_microvault,
          uniq_prince_ribbit1
D:9:      hangedman_screamer, layout_long_grid, serial_shops, shop,
          nicolae_square_shop, shop, nicolae_shop_tiny_glass, uniq_erica
D:10:     layout_cave_pools, uniq_maurice
D:11:     layout_loops_cross, lair_entry_dummy, serial_demonic,
          serial_demonic_c, serial_demonic_a, serial_demonic_f,
          serial_demonic_d, uniq_erolcha

Skill      XL: |  1  2  3  4  5  6  7  8  9 10 11 12 |
---------------+-------------------------------------+-----
Ranged Weapons | 4 5 6 7 8 10 11 13 | 13.9
Fighting       | 3 4 5 7 8 9 |  9.0
Dodging        | 2 4 5 6 |  6.0
Invocations    | 3 4 7 9 |  9.1
Armour         | 1 |  1.2
Stealth        | |  1.5

Action                     |  1- 3 |  4- 6 |  7- 9 | 10-12 || total
---------------------------+-------+-------+-------+-------++-------
   Fire: Shortbow          |    64 |    74 |    90 |       ||   228
         Orcbow            |       |       |   140 |   505 ||   645
 Invoke: Heroism           |       |       |    18 |    16 ||    34
         Finesse           |       |       |       |     1 ||     1
Ability: Spit Poison       |    23 |    28 |    48 |    48 ||   147
    Use: Scroll            |     4 |       |    12 |    13 ||    29
         Potion            |     1 |     2 |     3 |       ||     6
 Armour: Leather armour    |     7 |     6 |    44 |    32 ||    89
         Robe              |       |       |       |   108 ||   108
  Dodge: Dodged            |    14 |    16 |    50 |   249 ||   329

Table legend:
 A = Non-vault XP
 B = Vault XP
 C = Vault XP percentage of total XP
 D = Non-vault monster count
 E = Vault monster count
 F = Vault count percentage of total count
                 A         B        C        D         E       F
            +---------+---------+-------+---------+---------+-------
      Total |   14080 |   11193 |  44.3 |     206 |      64 |  23.7
            +---------+---------+-------+---------+---------+-------
        D:1 |      29 |       3 |   9.4 |      20 |       2 |   9.1
        D:2 |      37 |       4 |   9.8 |      15 |       3 |  16.7
        D:3 |      39 |       5 |  11.4 |      11 |       2 |  15.4
        D:4 |     664 |       0 |   0.0 |      27 |       0 |   0.0
        D:5 |     630 |     179 |  22.1 |      11 |       6 |  35.3
        D:6 |    1380 |     685 |  33.2 |      26 |       7 |  21.2
        D:7 |     968 |       0 |   0.0 |      21 |       0 |   0.0
        D:8 |    2600 |     764 |  22.7 |      28 |       8 |  22.2
        D:9 |    3983 |    6653 |  62.6 |      27 |      29 |  51.8
       D:10 |    1754 |     462 |  20.8 |       7 |       1 |  12.5
       D:11 |    1996 |    2438 |  55.0 |      13 |       6 |  31.6
            +---------+---------+-------+---------+---------+-------
